 Dungeon Crawl Stone Soup version 0.27-a0-1245-g940ed4fa31 (webtiles) character file.

Game seed: 18011192269177943074

53 sizableburger the Grasshopper (level 3, 0/19 HPs)
             Began as a Vine Stalker Warper on June 9, 2021.
             Slain by a worm (3 damage)
             ... on level 2 of the Dungeon.
             The game lasted 00:03:30 (1955 turns).

sizableburger the Grasshopper (Vine Stalker Warper) Turns: 1955, Time: 00:03:30

Health: 0/19       AC:  3    Str: 13    XL:     3   Next: 89%
Magic:  0/8        EV: 11    Int: 14    God:
Gold:   59         SH:  0    Dex: 13    Spells: 6/8 levels left

rFire    . . .     SeeInvis .   a - +0 hand axe
rCold    . . .     Faith    .   (no shield)
rNeg     . . .     Spirit   +   b - +0 leather armour
rPois    .         Reflect  .   (no helmet)
rElec    .         Harm     .   (no cloak)
rCorr    .         Rampage  .   (no gloves)
Will     .....                  (no boots)
Stlth    +.........             (no amulet)
HPRegen  0.06/turn              (no ring)
MPRegen  0.11/turn              (no ring)

@: no status effects
A: fangs 2, magic shield, antimagic bite, no potion heal 2
a: no special abilities


You were on level 2 of the Dungeon.
You visited 1 branch of the dungeon, and saw 3 of its levels.

You collected 59 gold pieces.

Inventory:

Hand Weapons
 a - a +0 hand axe (weapon)
Missiles
 e - 2 boomerangs of dispersal (quivered)
Armour
 b - a +0 leather armour (worn)
Scrolls
 c - a scroll of fog {unknown}
 d - a scroll of blinking
 f - a scroll of teleportation
 g - a scroll of fear {unknown}
Potions
 h - a potion of brilliance


   Skills:
 + Level 2.5 Fighting
 + Level 2.5 Axes
 - Level 0.8 Throwing
 - Level 0.7 Armour
 - Level 1.5 Dodging
 + Level 3.0 Spellcasting
 - Level 3.0 Translocations


You had 6 spell levels left.
You knew the following spells:

 Your Spells              Type           Power      Damage    Failure   Level
a - Blink                 Tloc           N/A        N/A       12%         2

Your spell library contained the following spells:

 Spells                   Type           Power      Damage    Failure   Level
 Gell's Gravitas          Tloc           5%         N/A       24%         3
 Lesser Beckoning         Tloc           5%         N/A       24%         3
 Teleport Other           Tloc           10%        N/A       24%         3
 Confusing Touch          Hex            2%         N/A       63%         3
 Manifold Assault         Tloc           10%        N/A       91%         5
 Petrify                  Tmut/Erth      2%         N/A       95%         4
 Metabolic Englaciation   Hex/Ice        1%         N/A       100%        5
 Yara's Violent Unravell  Hex/Tmut       1%         3d3       100%        5


Dungeon Overview and Level Annotations

Branches:
Dungeon (3/15)

Altars:


Innate Abilities, Weirdness & Mutations

You have extremely sharp teeth.
When hurt, damage is shared between your health and your magic reserves.
Your bite disrupts and absorbs the magic of your enemies.
Potions cannot restore your health.


Message History

The orc is moderately wounded.
The orc barely misses you.
You barely miss the orc.
The orc is moderately wounded.
The orc hits you with a +0 short sword. The orc hits you with a +0 hand axe.
You closely miss the orc. You bite the orc, but do no damage.
The orc is moderately wounded.
The orc hits you with a +0 short sword.
There is a stone staircase leading up here.
There are monsters nearby!
Casting: Blink (safe; 12% risk of failure)
Confirm with . or Enter, or press ? or * to list all spells.
You blink.
The orc closely misses you.
You hit the orc. Your bite misses the orc.
The orc is heavily wounded.
The orc hits you with a +0 hand axe.
You closely miss the orc. Your bite misses the orc.
The orc is heavily wounded.
The orc hits you with a +0 hand axe.
You hit the orc. You bite the orc.
You kill the orc!
You closely miss the orc.
The orc is moderately wounded.
The orc closely misses you.
You closely miss the orc. You bite the orc. You drain its power.
You feel invigorated.
The orc is heavily wounded.
You barely miss the orc.
The orc is heavily wounded.
The orc hits you with a +0 war axe!
* * * LOW HITPOINT WARNING * * *
You slash the orc!
You kill the orc!
The orc hits you with a +0 short sword.
* * * LOW HITPOINT WARNING * * *
There is a stone staircase leading up here.
You climb upwards.
The bat completely misses you. The kobold closely misses you.
The hobgoblin hits you.
Something unseen opens the door.
The worm bites you.
You die...

##.###.#.#######
# #.#'#### .#.
#......# ....
#......#
⌠....#......#
............#
..<.⌠.......#
[........Kw.#
⌠....#..g@..+
............#
.#..##....b.#
#.# #......# ..
#......#
#......#
#......#
.......#


You could see a worm, a hobgoblin, a bat and a kobold.

Vanquished Creatures
  An adder (D:2)
  2 dart slugs
  2 orcs (D:3)
  6 ball pythons
  A bat (D:1)
  3 endoplasms
  A giant cockroach (D:1)
  3 goblins
  2 hobgoblins (D:1)
  3 jackals (D:2)
  4 kobolds (D:1)
  2 quokkas (D:1)
  5 frilled lizards (D:1)
35 creatures vanquished.

Notes
Turn   | Place    | Note
-------+----------+-------------------------------------------
     0 | D:1      | sizableburger the Vine Stalker Warper began the quest for
                  | the Orb.
     0 | D:1      | Reached XP level 1. HP: 11/11 MP: 4/4
   356 | D:1      | Reached XP level 2. HP: 15/15 MP: 6/6
   513 | D:1      | Reached XP level 3. HP: 5/18 MP: 5/8
  1849 | D:3      | Learned a level 2 spell: Blink
  1955 | D:2      | Slain by a worm

Illustrated notes

Levels and vault maps discovered:
D:1:      sevenhm_arrival_forest_fort_small_5, layout_rooms, dk_noncrumbling_3,
          chequers_serial_rivers_small_a, kennysheep_pointless_box
D:2:      layout_basic, grunt_ministairs_1
D:3:      layout_loops_cross, nicolae_qazlal_scattered_showers,
          minmay_misc_feat_secret_circle, minmay_checkerbox, uniq_ijyb

Skill      XL: |  1  2  3 |
---------------+----------+-----
Fighting       | 2 |  2.5
Axes           | 2 |  2.5
Spellcasting   | 3 |  3.0
Throwing       | |  0.8
Armour         | |  0.7
Dodging        | |  1.5
Translocations | |  3.0

Action                   || total
-------------------------++-------
Melee: Hand axe          ||    93
       Bite              ||    16
Throw: Boomerang         ||     3
 Cast: Blink             ||     1
  Use: Scroll            ||     1
       Potion            ||     1
Armor: Leather armour    ||    28
Dodge: Dodged            ||    63

Table legend: (Time is in decaauts)
 A = Elapsed time spent in this place.
 B = Non-inter-level travel time spent in this place.
 C = Inter-level travel time spent in this place.
 D = Time resting spent in this place.
 E = Time spent auto-exploring this place.
 F = Levels seen in this place.
 G = Mean time per level.
                   A        B        C        D        E       F      G
               +--------+--------+--------+--------+--------+-----+--------+
         Total |   1984 |   1967 |     17 |   1015 |    660 |   3 |  661.3 |
       Dungeon |   1984 |   1967 |     17 |   1015 |    660 |   3 |  661.3 |
               +--------+--------+--------+--------+--------+-----+--------+

Top non-repeatable levels by time:
     D:1: 1104 daAuts
     D:2: 495 daAuts
     D:3: 384 daAuts
